 Dungeon Crawl Stone Soup version 0.27.1-33-g824d729ab1 (webtiles) character file.

Game seed: 14571474693622801774

8488 pkoi the Grappler (level 11, -7/98 HPs)
             Began as a White Draconian Monk on Dec 5, 2021.
             Was an Elder of the Shining One.
             Mangled by a boulder beetle (19 damage)
             ... on level 10 of the Dungeon.
             The game lasted 00:17:19 (15701 turns).

pkoi the Grappler (White Draconian Monk)           Turns: 15701, Time: 00:17:20

Health: -7/98      AC:  7    Str: 14    XL:     11   Next: 10%
Magic:  13/16      EV: 13    Int: 14    God:    the Shining One [****..]
Gold:   670        SH:  5    Dex: 19    Spells: 6/16 levels left

rFire    x . .     SeeInvis .     - Unarmed
rCold    + + +     Faith    .   (shield currently unavailable)
rNeg     + + .     Spirit   .   (armour unavailable)
rPois    +         Reflect  +   (helmet currently unavailable)
rElec    .         Harm     .   (cloak currently unavailable)
rCorr    .         Rampage  .   (gloves currently unavailable)
Will     +....                  (boots currently unavailable)
Stlth    +.........             o - amulet of reflection
HPRegen  0.26/turn              g - ring of willpower
MPRegen  0.15/turn              k - +6 ring of dexterity

@: about to teleport, ice-form, glowing, studying Summonings
A: freezing attack, amphibious, boosted hp, (breathe frost), AC +7, large,
unfitting armour, (cold resistance 1), (cold-blooded)
a: End Transformation, Renounce Religion, Divine Shield, Cleansing Flame


You were on level 10 of the Dungeon.
You worshipped the Shining One.
The Shining One was greatly pleased with you.
You were a creature of crystalline ice.
You visited 2 branches of the dungeon, and saw 11 of its levels.

You collected 1710 gold pieces.
You spent 1040 gold pieces at shops.

Inventory:

Hand Weapons
 d - a +1 whip of electrocution
Missiles
 p - 8 curare-tipped darts (quivered)
 q - 32 poisoned darts
Armour
 h - a +1 pair of boots (melded)
 j - a +2 hat (melded)
 n - a +2 pair of gloves (melded)
Jewellery
 g - a ring of willpower (left front paw)
 k - a +6 ring of dexterity (right front paw)
 o - an amulet of reflection (around neck)
 u - a ring of magical power
 x - a ring of protection from cold
Wands
 r - a wand of polymorph (6)
 t - a wand of digging (6)
 w - a wand of mindburst (22)
 y - a wand of acid (12)
 z - a wand of paralysis (14)
Scrolls
 c - a scroll of teleportation
 l - 6 scrolls of identify
 m - a scroll of magic mapping
 s - a scroll of holy word
Potions
 a - 4 potions of curing
 b - a potion of might
 e - 4 potions of resistance
 f - a potion of flight
 i - 4 potions of ambrosia
 v - a potion of cancellation


   Skills:
 - Level 3.2 Fighting
 - Level 5.3 Dodging
 - Level 1.7 Stealth
 - Level 9.7 Unarmed Combat
 - Level 3.3 Spellcasting
 + Level 3.0 Hexes
 + Level 8.0 Summonings
 + Level 6.4 Transmutations
 + Level 7.9 Ice Magic
 - Level 3.3 Invocations
 - Level 4.0 Evocations


You had 6 spell levels left.
You knew the following spells:

 Your Spells              Type           Power      Damage    Failure   Level
a - Summon Ice Beast      Ice/Summ       24%        N/A       8%          4
b - Ice Form              Ice/Tmut       22%        N/A       11%         4
c - Ensorcelled Hibernat  Hex/Ice        34%        N/A       3%          2

Your spell library contained the following spells:

 Spells                   Type           Power      Damage    Failure   Level
 Corona                   Hex            11%        N/A       6%          1
 Tukima's Dance           Hex            10%        N/A       19%         3
 Pain                     Necr           8%         1d4       21%         1
 Cause Fear               Hex            5%         N/A       52%         4
 Agony                    Necr           2%         N/A       99%         5
 Excruciating Wounds      Necr           1%         N/A       99%         5
 Eringya's Noxious Bog    Tmut/Pois      5%         N/A       100%        6
 Dragon Form              Tmut           10%        N/A       100%        7
 Dragon's Call            Summ           12%        N/A       100%        9


Dungeon Overview and Level Annotations

Branches:
Dungeon (10/15)            Temple (1/1) D:5
   Lair: D:8-11         Orc: D:9-12

Altars:
Ashenzari
Cheibriados
Dithmenos
Elyvilon
Fedhas
Gozag
Hepliaklqana
Kikubaaqudgha
Makhleb
Nemelex Xobeh
Okawaru
Qazlal
Ru
Sif Muna
Trog
Uskayaw
Vehumet
Wu Jian
Xom
Yredelemnul
Zin
The Shining One

Shops:
D:7 *   D:9 :


Innate Abilities, Weirdness & Mutations

You are a creature of crystalline ice.
You have a powerful freezing melee attack.
You are amphibious.
Your maximum health is increased.
Your armour is entirely melded.
You are incapable of wielding weapons or throwing items.
((You can breathe waves of freezing cold which knock back foes.))
((Your icy white scales are hard. (AC +7)))
You cannot fit into any form of body armour.
((Your flesh is cold resistant. (rC+)))
((You are cold-blooded and may be slowed by cold attacks.))


Message History

The boulder beetle bites you but does no damage.
You punch the boulder beetle! You freeze the boulder beetle.
The boulder beetle is lightly wounded.
You block the boulder beetle's attack.
Unknown command.
You hit the boulder beetle. You freeze the boulder beetle.
The boulder beetle is moderately wounded.
Unknown command.
You hit the boulder beetle but do no damage.
The boulder beetle is moderately wounded.
The boulder beetle bites you.
You hit the boulder beetle but do no damage.
The boulder beetle is moderately wounded.
The boulder beetle misses you.
Unknown command.
You hit the boulder beetle but do no damage.
The boulder beetle is moderately wounded.
The boulder beetle leaps!
Unknown command.
You punch the centaur warrior! You freeze the centaur warrior.
You kill the centaur warrior!
The boulder beetle bites you!
Training target 4.0 for Evocations reached!
Your Hexes skill increases to level 3!
Your Summonings skill increases to level 8!
Your Evocations skill increases to level 4!
You hit the boulder beetle but do no damage.
The boulder beetle is moderately wounded.
The deep elf pyromancer gestures at you while chanting.
The bolt of fire hits you!!! The fire burns you terribly!
* * * LOW HITPOINT WARNING * * *
The tree burns like a torch!
The boulder beetle bites you!
* * * LOW HITPOINT WARNING * * *
Unknown command.
As you read the scroll of teleportation, it crumbles to dust.
You feel strangely unstable.
The boulder beetle bites you but does no damage.
A deep elf knight comes into view. It is wielding a +0 short sword.
The boulder beetle bites you!!
You die...

♣♣..♣♣♣♣..♣♣
♣♣.♣♣#..# ♣♣..♣#
♣♣..♣♣ ♣.♣♣ #...
♣.♣#♣..♣#
♣♣..♣♣#♣♣.♣♣#...
♣....♣♣#
♣♣.....♣...).#.
♣.♣#..♣♣..
♣♣..♣#.♣...#.##
#♣.. ♣c#
♣♣..♣♣#.♣♣♣.#.#
♣♣x. ♣e♣♣♣..♣♣
#♣.♣♣.#.# ♣..
♣eB..♣♣ ♣♣..♣#..
♣..♣♣Y.♣♣
♣.♣♣#.. ♣..♣♣§♣
♣.♣♣ #^#. ♣.. ♣♣
♣♣ #...


You could see a yaktaur captain, a boulder beetle, a deep elf knight and a deep
elf pyromancer.

Vanquished Creatures
  2 centaur warriors (D:10)
  A two-headed ogre (D:10)
  Pikel (D:5)
  A manticore (D:10)
  Maggie (D:9)
  An unseen horror (D:10)
  A polar bear (D:8)
  2 trolls (D:10)
  A meliai (D:8)
  Prince Ribbit (D:9)
  A yak (D:9)
  A basilisk (D:10)
  A steam dragon (D:8)
  2 vampire mosquitoes (D:8)
  Menkaure (D:6)
  An acid dragon (D:9)
  A nameless horror (D:7)
  An orc warrior (D:8)
  3 ice beasts
  2 sky beasts
  A hornet zombie (D:7)
  3 black bears
  A necrophage (D:5)
  A phantom (D:5)
  An ogre (D:5)
  3 centaurs
  A bullfrog (D:7)
  3 kobold brigands
  A gnoll sergeant (D:10)
  2 scorpions
  5 killer bees (D:8)
  11 wights
  3 centaur zombies
  4 hounds
  A jelly (D:4)
  3 bullfrog skeletons
  5 orc priests
  6 orc wizards
  A hound skeleton (D:5)
  A hound zombie (D:5)
  A howler monkey zombie (D:8)
  8 adders
  A gnoll (D:2)
  A worm (D:2)
  2 dart slugs (D:2)
  25 orcs
  8 ball pythons
  4 bats
  6 endoplasms
  A giant cockroach (D:4)
  5 hobgoblins
  5 jackals
  2 quokkas
  3 frilled lizards
  14 goblins
  13 kobolds
  4 rats
186 creatures vanquished.

Notes
Turn   | Place    | Note
-------+----------+-------------------------------------------
     0 | D:1      | pkoi the Draconian Monk began the quest for the Orb.
     0 | D:1      | Reached XP level 1. HP: 19/19 MP: 1/1
   220 | D:1      | Reached XP level 2. HP: 24/26 MP: 2/2
   603 | D:1      | Found a faded altar of an unknown god.
   811 | D:2      | Reached skill level 4 in Unarmed Combat
  1163 | D:1      | Reached XP level 3. HP: 16/31 MP: 3/3
  1806 | D:2      | Reached skill level 5 in Unarmed Combat
  1806 | D:2      | Reached XP level 4. HP: 21/38 MP: 4/4
  3099 | D:2      | Got the Almanac of the Stallion
  3542 | D:3      | Found an ancient bone altar of Kikubaaqudgha.
  3814 | D:3      | Reached XP level 5. HP: 39/45 MP: 5/5
  3938 | D:3      | Noticed a black bear
  4289 | D:4      | Reached skill level 6 in Unarmed Combat
  4958 | D:4      | Reached XP level 6. HP: 49/51 MP: 6/6
  5100 | D:4      | Learned a level 4 spell: Summon Ice Beast
  5201 | D:4      | Reached skill level 7 in Unarmed Combat
  5442 | D:5      | Entered Level 5 of the Dungeon
  5873 | D:3      | Reached skill level 1 in Spellcasting
  5873 | D:3      | Reached skill level 1 in Summonings
  5873 | D:3      | Reached skill level 1 in Ice Magic
  5873 | D:3      | Your scales start taking on an icy white colour.
  5873 | D:3      | Reached XP level 7. HP: 53/57 MP: 8/8
  5873 | D:3      | Gained mutation: Your flesh is cold resistant. (rC+) [White
                  | Draconian growth]
  5878 | D:3      | Learned a level 4 spell: Ice Form
  6837 | D:5      | Reached skill level 1 in Transmutations
  7007 | D:5      | Found a staircase to the Ecumenical Temple.
  7151 | D:5      | Reached XP level 8. HP: 58/63 MP: 11/11
  7618 | Temple   | Entered the Ecumenical Temple
  7705 | Temple   | Became a worshipper of the Shining One
  7705 | Temple   | Reached * piety under the Shining One
  7705 | Temple   | Reached ** piety under the Shining One
  7777 | D:6      | Reached skill level 8 in Unarmed Combat
  7837 | D:6      | Noticed Pikel
  7876 | D:5      | Killed Pikel
  8417 | D:6      | Noticed Menkaure
  8425 | D:6      | Killed Menkaure
  8975 | D:6      | Reached skill level 1 in Invocations
  9412 | D:6      | Reached XP level 9. HP: 70/70 MP: 13/13
 10536 | D:7      | Reached skill level 9 in Unarmed Combat
 10780 | D:7      | Found Emuos's Overcharged Wands.
 11530 | D:8      | Reached skill level 5 in Dodging
 11614 | D:8      | Reached skill level 5 in Ice Magic
 11926 | D:8      | Reached *** piety under the Shining One
 11945 | D:8      | Learned a level 2 spell: Ensorcelled Hibernation
 11972 | D:8      | Noticed Maurice
 12133 | D:8      | Noticed Maurice
 12183 | D:8      | Noticed Erica
 12196 | D:8      | Noticed Erica
 12196 | D:8      | Erica changed into Erica the polar bear
 12760 | D:8      | Identified the +4 robe of Vimovvee {Will- rCorr Dex+8}
 12795 | D:8      | Killed Erica the polar bear
 12796 | D:8      | Reached XP level 10. HP: 74/77 MP: 10/15
 13020 | D:8      | Killed Maurice the meliai
 13228 | D:8      | Identified a scroll of acquirement
 13228 | D:8      | Acquired 1194 gold pieces
 13504 | D:9      | Found Tyigueli's Self-Improvement Boutique.
 13515 | D:9      | Bought a manual of Summonings for 1040 gold pieces
 13545 | D:9      | Reached skill level 5 in Summonings
 14221 | D:9      | Noticed Prince Ribbit
 14237 | D:9      | Killed Prince Ribbit
 14238 | D:9      | Reached skill level 5 in Transmutations
 14238 | D:9      | Reached skill level 1 in Evocations
 14875 | D:9      | Noticed Maggie
 14888 | D:9      | Killed Maggie
 15098 | D:10     | Entered Level 10 of the Dungeon
 15236 | D:10     | Noticed a two-headed ogre
 15241 | D:10     | Reached skill level 1 in Hexes
 15258 | D:10     | Killed a two-headed ogre
 15532 | D:10     | Noticed a manticore
 15538 | D:10     | Killed a manticore
 15683 | D:10     | Noticed a deep elf pyromancer
 15683 | D:10     | Noticed a centaur warrior
 15683 | D:10     | Noticed a centaur warrior
 15684 | D:10     | Noticed a yaktaur captain
 15684 | D:10     | Reached **** piety under the Shining One
 15691 | D:10     | Killed a centaur warrior
 15691 | D:10     | Noticed a boulder beetle
 15692 | D:10     | Reached XP level 11. HP: 75/82 MP: 11/16
 15698 | D:10     | Killed a centaur warrior
 15701 | D:10     | Noticed a deep elf knight
 15701 | D:10     | Mangled by a boulder beetle

Illustrated notes

Levels and vault maps discovered:
D:1:      heliophobic_arrival_battle_scene, layout_basic,
          basic_ecumenical_altar, serial_bayou_lagoon_a,
          hangedman_decor_slide_cut
D:2:      layout_rooms, cheibrodos_gnoll_hut
D:3:      layout_basic, kiku_gazebo_pond_becter, minmay_checkerbox
D:4:      layout_loops_corners
D:5:      layout_basic, minmay_temple_entry_fiery
D:6:      layout_layer_cave, uniq_pikel, uniq_menkaure
D:7:      layout_basic, nicolae_shop_overcharged_wands
D:8:      layout_basic, uniq_maurice, uniq_erica
D:9:      layout_basic, nicolae_shop_self_help, uniq_maggie, uniq_prince_ribbit1
D:10:     nzn_winding_woodlands_cross
          [nzn_winding_woodlands_5x15_pathside_ponds,
          nzn_winding_woodlands_5x15_crooked, nzn_winding_woodlands_5x15_parted,
          nzn_winding_woodlands_5x15_eye,
          nzn_winding_woodlands_15x15_thick_spiral], layout_loops_ring,
          david_orc_5, introduction_to_nature_1
Temple:   dpeg_three_leaves_temple

Skill      XL: |  1  2  3  4  5  6  7  8  9 10 11 |
---------------+----------------------------------+-----
Unarmed Combat | 4 5 6 7 8 9 |  9.7
Dodging        | 3 4 5 |  5.3
Spellcasting   | 1 2 3 |  3.3
Summonings     | 1 2 3 4 7 8 |  8.0
Ice Magic      | 1 2 4 5 7 |  7.9
Transmutations | 1 3 4 6 |  6.4
Invocations    | 1 3 |  3.3
Evocations     | 3 4 |  4.0
Hexes          | 2 3 |  3.0
Fighting       | |  3.2
Stealth        | |  1.7

Action                   |  1- 3 |  4- 6 |  7- 9 | 10-12 || total
-------------------------+-------+-------+-------+-------++-------
Melee: Unarmed           |    90 |   224 |   314 |   138 ||   766
       Tailslap          |    12 |    26 |    41 |    20 ||    99
       Punch             |       |     5 |    10 |    11 ||    26
Throw: Dart              |       |       |       |     7 ||     7
 Cast: Ice Form          |       |       |     2 |     4 ||     6
 Abil: Breathe Frost     |       |       |    14 |     5 ||    19
Evoke: Wand              |       |       |     4 |       ||     4
  Use: Scroll            |     6 |     3 |     3 |     3 ||    15
       Potion            |       |    10 |     2 |     2 ||    14
 Stab: Sleeping          |     6 |     4 |       |       ||    10
Armor: Skin              |    32 |    76 |   107 |    46 ||   261
Dodge: Dodged            |    44 |   108 |   175 |    94 ||   421
Block: Other             |       |       |    41 |    34 ||    75
       Reflection        |       |       |       |     3 ||     3
